Urist, chaotic male human Barbarian ------------ |...<.......################### |..........| ------- |...........# |..f..| ---------.--# |.....| # # |.@...- ### # --|---- --------- # # # |...*....# ### # # |.......|############################### # |.......+########%## #--------------# # |.......|## -|---` #..............## ---.-- |....[...## |..[|# |............|#####.....| ---------### |...|#######.............+# ###|....| # |...| --------------### #.....| ##-...| # ------ ----- Urist the Pillager Experience level: 4 Strength: 18/02 Dexterity: 16 Constitution: 18 Intelligence: 7 Wisdom: 7 Charisma: 7 Health: 45(51) Energy: 9(9) Def: 3 Gold: 304 Moves: 1564 Dungeon seed: 6pFMXOkPyd3YiDIn Game ID: Urist_1471179363 Your Inventory: Coins $ - 304 gold pieces Weapons a - a corroded +0 battle-axe (weapon in hands) b - a +0 short sword (alternate weapon; not wielded) Armor e - an uncursed +0 ring mail (being worn) Comestibles c - 3 uncursed food rations f - an uncursed tin of lichen Scrolls k - 2 uncursed scrolls of remove curse l - an uncursed scroll of magic mapping Potions h - a cursed potion of sleeping i - an uncursed potion of fruit juice Rings g - an uncursed ring of conflict j - an uncursed ring of protection from shape changers Tools n - a cursed oil lamp (0:1256) Spells and supernatural/magical abilities: Name Level Category Fail Memory W - pray for help -- divine ? -- Your skills at the end: Fighting Skills bare handed combat [Basic] Weapon Skills axe [Basic] short sword [Basic] Spellcasting Skills Final Attributes: You were piously aligned. You were poison resistant. You survived. Vanquished creatures: a shrieker a wererat 2 acid blobs 3 manes a brown mold 2 yellow molds a gecko 5 jackals 3 kobolds 2 goblins a sewer rat a grid bug 2 lichens 2 kobold zombies 3 newts 30 creatures vanquished. Voluntary challenges: You were an atheist. You used a wielded weapon 26 times, starting on turn 25. You read items or engraved 1 time, starting on turn 113. You never genocided any monsters. You never polymorphed an object. You never changed form. You used no wishes. You never split a pudding. You never wrote Elbereth's name. You never violated your personal moral code. Dungeon overview: The Dungeons of Doom: levels 1 to 4 Level 1 a fountain a long staircase Level 2 some fountains, a sink stairs to The Gnomish Mines Level 3 a fountain Level 4 <- You were here The Gnomish Mines: Level 3 stairs to The Dungeons of Doom History has recorded: On T:1 you entered the Dungeons of Doom to retrieve the Amulet of Yendor! On T:553 you reached level 2 of The Dungeons of Doom. On T:825 you reached level 1 of The Gnomish Mines. On T:850 you reached level 3 of The Dungeons of Doom. On T:853 you advanced to experience level 2. On T:1134 you advanced to experience level 3. On T:1226 you reached level 4 of The Dungeons of Doom. On T:1561 you advanced to experience level 4. Score breakdown: Gold: 304 ( 8450 points) Experience: 4 levels ( 9649 points) Exploration: 4 levels ( 8.70%) ( 7745 points) Discoveries: 0 items ( 0.00%) ( 0 points) Valuables value: (no points given unless you survive) Artifact value: 0 ( 0 points) Variety of kills: 15 monsters ( 3.94%) ( 5952 points) Turncount: 1564 turns ( 0 points) Survival: quit (score multiplied by 90%) Total score: 28616 Latest messages: You finish eating the cram ration. You stop exploring. You miss the manes. (3x) The manes hits! (2x) The manes bites! You destroy the manes! You see here a scroll labeled VE FORBRYDERNE. k - a scroll labeled VE FORBRYDERNE. You see here 115 gold pieces. You hear a door open. You kill the yellow mold! $ - 115 gold pieces. You displace your kitten. You stop. Your kitten is in the way! The door opens. You kill the goblin! The wererat just misses! You kill the wererat! There are a few objects here. The kitten eats a goblin corpse. You miss the acid blob. You kill the acid blob! Welcome to experience level 4. You are splashed by its acid! Your battle-axe corrodes! There are a few objects here. Final status: Goodbye Urist the Barbarian, quit... You quit in The Dungeons of Doom on dungeon level 4 with 28616 points, and 304 pieces of gold, after 1564 moves. You were level 4 with a maximum of 51 hit points when you quit.